 Dungeon Crawl Stone Soup version 0.24.0-13-gcf9b319 (webtiles) character file.

Game seed: 286355394225787372, levelgen mode: deterministic

345 Bronimir the Shooter (level 6, -11/50 HPs)
             Began as a Centaur Arcane Marksman on Apr 3, 2020.
             Mangled by a mummy (13 damage)
             ... on level 4 of the Dungeon.
             The game lasted 00:09:12 (5128 turns).

Bronimir the Shooter (Centaur Arcane Marksman)      Turns: 5128, Time: 00:09:12

Health: -11/50     AC:  7    Str: 14    XL:     6   Next: 32%
Magic:  7/7        EV:  9    Int: 12    God:
Gold:   167        SH:  0    Dex: 10    Spells: 1/7 levels left

rFire    . . .     SeeInvis .   b - +0 shortbow
rCold    . . .     Gourm    .   (shield currently unavailable)
rNeg     . . .     Faith    .   k - +0 leather armour
rPois    .         Spirit   .   h - +0 helmet
rElec    .         Reflect  .   (no cloak)
rCorr    .         Harm     .   (no gloves)
MR       .....                  (no barding)
Stlth    +.........             (no amulet)
HPRegen  0.16/turn              (no ring)
MPRegen  0.10/turn              (no ring)

@: very slightly contaminated, hasted, very quick
A: large, hooves 3, icy blue scales 1, blurry vision 1, deformed body, speed 2,
tough skin 3, wild magic 1
a: no special abilities


You were on level 4 of the Dungeon.
You were not hungry.

You visited 1 branch of the dungeon, and saw 4 of its levels.
You also visited: Ossuary.

You collected 167 gold pieces.

Inventory:

Hand Weapons
 a - a +0 flail
 b - a +0 shortbow (weapon)
 i - a +0 club
 m - a +0 hunting sling
 t - a +0 mace
Missiles
 d - 38 arrows (quivered)
 j - 95 stones
 B - 2 sling bullets
Armour
 e - a +0 robe
 h - a +0 helmet (worn)
 k - a +0 leather armour (worn)
 A - a +2 buckler
Jewellery
 c - a +5 ring of strength {unknown}
Wands
 x - a wand of random effects (21)
Scrolls
 l - 2 scrolls of identify
 q - a scroll of random uselessness {unknown}
 r - a scroll of noise {unknown}
 u - a scroll of fear {unknown}
 w - 2 scrolls of teleportation {unknown}
 y - a scroll of immolation {unknown}
Potions
 g - a potion of lignification
 o - a potion of degeneration
Comestibles
 f - 7 rations
 z - 8 chunks of flesh


   Skills:
 * Level 2.5 Fighting
 + Level 0.6 Maces & Flails
 + Level 3.0 Slings
 * Level 5.1 Bows
 + Level 0.3(1.8) Throwing
 * Level 0.8 Armour
 + Level 2.0 Dodging
 + Level 0.2 Stealth
 * Level 0.1 Shields
 + Level 1.0 Spellcasting
 * Level 3.4 Hexes


You had one spell level left.
You knew the following spells:

 Your Spells              Type           Power        Failure   Level  Hunger
a - Corona                Hex            ##.....      14%         1    ##.....
b - Slow                  Hex            ##......     21%         2    ###....
c - Inner Flame           Hex/Fire       #.......     58%         3    ####...

Your spell library contained the following spells:

 Spells                   Type           Power        Failure   Level  Hunger
 Portal Projectile        Hex/Tloc       #.....       58%         3    ####...
 Cause Fear               Hex            ##........   75%         4    #####..
 Leda's Liquefaction      Hex/Erth       #.........   92%         4    #####..


Dungeon Overview and Level Annotations

Branches:
Dungeon (4/15)            Ossuary (visited)
 Temple: D:4-7

Altars:
Trog
Xom

Annotations:
D:3 1 runed translucent door, EndlessMike's ghost, amateur OpSk


Innate Abilities, Weirdness & Mutations

You have hooves in place of feet.
Armour fits poorly on your strangely shaped body.
You cover ground very quickly.
You have extremely tough skin. (AC +3)
You are partially covered in icy blue scales. (AC +2)
Scrolls take you a little longer to read.
Your spells are a little harder to cast, but a little more powerful.


Message History

The mummy completely resists.
The mummy is moderately damaged.
Evoke which item? (* to show all) (? for menu, Esc to quit)
Aiming: Random Effects
Press: ? - help, Shift-Dir - straight line, f/p - mummy
Aim: a mummy (moderately damaged)
The mummy is unaffected.
Evoke which item? (* to show all) (? for menu, Esc to quit)
Aiming: Random Effects
Press: ? - help, Shift-Dir - straight line, f/p - mummy
Aim: a mummy (moderately damaged)
The mummy seems to speed up.
The bullfrog zombie hits you.
* * * LOW HITPOINT WARNING * * *
The mummy hits you!
* * * LOW HITPOINT WARNING * * *
The bullfrog zombie misses you.
Welcome back to the Dungeon!
There is a collapsed entrance here.
The mummy hits you!
You die...

##....##+#......
#...............
...#...............
...................
.######............
#....#.##'##......
#..###.#...#......
#.M....#...#......
#@.###.#...#......
#....#.#####......
.######.......#
..............#
..............#
..............#
..............#
#+#############


You could see a mummy.

Vanquished Creatures
  A bullfrog zombie (Ossuary)
  3 orc wizards
  Jessica (D:2)
  A mummy (Ossuary)
  Robin (D:2)
  A worker ant zombie (Ossuary)
  7 adders
  2 oozes (D:2)
  An adder zombie (Ossuary)
  2 worms
  2 dart slugs
  3 leopard geckos
  2 orcs (D:3)
  2 giant cockroaches
  15 goblins
  9 hobgoblins
  A jackal (D:1)
  12 kobolds
  2 quokkas (D:3)
  8 bats
  3 frilled lizards
  A jackal zombie (Ossuary)
  2 quokka zombies (D:4)
  7 rats
89 creatures vanquished.

Vanquished Creatures (others)
  2 withered plants (D:3)
2 creatures vanquished.

Grand Total: 91 creatures vanquished

Notes
Turn   | Place    | Note
-------+----------+-------------------------------------------
     0 | D:1      | Bronimir the Centaur Arcane Marksman began the quest for
                  | the Orb.
     0 | D:1      | Reached XP level 1. HP: 16/16 MP: 2/2
   649 | D:1      | Reached skill level 3 in Bows
   649 | D:1      | Reached XP level 2. HP: 9/23 MP: 3/3
  1146 | D:1      | Found a shadowy altar of Dithmenos.
  1155 | D:1      | Found a glowing silver altar of Zin.
  1155 | D:1      | Found a shimmering altar of Xom.
  1157 | D:1      | Found a snail-covered altar of Cheibriados.
  1157 | D:1      | Found a hide-covered altar of Uskayaw.
  1157 | D:1      | Found a shadowy altar of Dithmenos.
  1529 | D:2      | Noticed Jessica
  1813 | D:2      | Reached XP level 3. HP: 28/28 MP: 4/4
  1822 | D:2      | Killed Jessica
  1822 | D:2      | Reached skill level 1 in Slings
  1910 | D:2      | Reached XP level 4. HP: 13/35 MP: 5/5
  2328 | D:2      | Reached skill level 4 in Bows
  2657 | D:2      | Gained mutation: Scrolls take you a little longer to read.
                  | [potion of mutation]
  2657 | D:2      | Gained mutation: You are partially covered in icy blue
                  | scales. (AC +2) [potion of mutation]
  2657 | D:2      | Gained mutation: Your spells are a little harder to cast,
                  | but a little more powerful. [potion of mutation]
  2907 | D:2      | Learned a level 2 spell: Slow
  3007 | D:2      | Noticed a moth of wrath
  3007 | D:2      | Noticed Robin
  3043 | D:2      | Killed Robin
  3043 | D:2      | Reached XP level 5. HP: 16/41 MP: 1/6
  3891 | D:2      | Found a bloodstained altar of Trog.
  4338 | D:3      | Found a runed translucent door.
  4340 | D:3      | Noticed EndlessMike's ghost (amateur OpSk)
  4716 | D:3      | Learned a level 3 spell: Inner Flame
  5002 | D:4      | Reached XP level 6. HP: 48/48 MP: 7/7
  5017 | D:4      | Found a sand-covered staircase.
  5069 | Ossuary  | Entered an ossuary
  5106 | Ossuary  | Reached skill level 5 in Bows
  5125 | Ossuary  | HP: 2/50 [mummy (9)]
  5128 | D:4      | Mangled by a mummy

Levels and vault maps discovered:
D:1:      dpeg_arrival_brainrot, layout_basic, hex_large, doesnt_xom_only_xom
D:2:      layout_basic, first_ration, st_stairs_13, tgw_trog, uniq_jessica,
          uniq_robin
D:3:      layout_rooms, gammafunk_ghost_grave
D:4:      layout_gridville, enter_ossuary_4, hangedman_decor_riveting,
          uniq_eustachio

Skill      XL: |  1  2  3  4  5  6 |
---------------+-------------------+-----
Bows           | 3 4 5 |  5.1
Slings         | 1 3 |  3.0
Hexes          | 3 |  3.4
Dodging        | 2 |  2.0
Fighting       | 2 |  2.5
Maces & Flails | |  0.6
Throwing       | |  0.3
Armour         | |  0.8
Stealth        | |  0.2
Shields        | |  0.1
Spellcasting   | |  1.0

Action                   |  1- 3 |  4- 6 || total
-------------------------+-------+-------++-------
Melee: Club              |    22 |       ||    22
       Kick              |     5 |    12 ||    17
       Mace              |       |    32 ||    32
       Flail             |       |    45 ||    45
 Fire: Shortbow          |    55 |    93 ||   148
       Hunting sling     |    62 |   115 ||   177
Throw: Stone             |       |    14 ||    14
 Cast: Corona            |     1 |       ||     1
       Slow              |       |     2 ||     2
Evoke: Wand              |       |     3 ||     3
  Use: Potion            |       |     6 ||     6
       Scroll            |       |     2 ||     2
  Eat: Chunk             |     2 |     9 ||    11
Armor: Robe              |    25 |    63 ||    88
       Skin              |       |     3 ||     3
       Leather armour    |       |    26 ||    26
Dodge: Dodged            |    54 |   135 ||   189
Block: Buckler           |       |     1 ||     1
